 Dungeon Crawl Stone Soup version 0.31.0-12-g77e489cdc1 (webtiles) character file.

Game seed: 7272136329779924962

1587 Arctor the Magician (level 8, -13/41 HPs)
             Began as a Deep Elf Fire Elementalist on Feb 13, 2024.
             Was a Follower of Vehumet.
             Mangled by a yak (17 damage)
             ... on level 6 of the Dungeon.
             The game lasted 00:04:51 (6459 turns).

Arctor the Magician (Deep Elf Fire Elementalist)    Turns: 6459, Time: 00:04:52

Health: -13/41     AC:  2    Str:  5    XL:     8   Next: 61%
Magic:  5/20       EV: 15    Int: 23    God:    Vehumet [*.....]
Gold:   320        SH:  0    Dex: 15    Spells: 11/21 levels left

rFire   . . .        e - +0 spear (venom)
rCold   . . .        (no shield)
rNeg    . . .        a - +0 robe
rPois   .            (no helmet)
rElec   .            (no cloak)
rCorr   .            (no gloves)
SInv    .            (no boots)
Will    .....        q - amulet of magic regeneration
Stlth   +++          (no ring)
HPRegen 0.26/turn    (no ring)
MPRegen 0.57/turn

%: no passive effects
@: no status effects
A: no striking features
a: Renounce Religion


You were on level 6 of the Dungeon.
You worshipped Vehumet.
Vehumet was aware of your devotion.
You visited 2 branches of the dungeon, and saw 7 of its levels.

You collected 320 gold pieces.

Inventory:

Hand Weapons
 e - a +0 spear of venom (weapon)
Armour
 a - a +0 robe (worn)
Jewellery
 p - a ring of flight
 q - an amulet of magic regeneration (around neck)
Wands
 j - a wand of iceblast (9)
 t - a wand of flame (7)
 v - a wand of quicksilver (7)
Scrolls
 d - a scroll of amnesia
 f - a scroll of brand weapon
 h - a scroll of fog
 i - a scroll of vulnerability
 k - 4 scrolls of noise
 m - a scroll of silence {unknown}
 o - 2 scrolls of teleportation {unknown}
 s - a scroll of acquirement {unknown}
 u - a scroll of enchant armour {unknown}
Potions
 b - 3 potions of magic
 c - 2 potions of enlightenment {unknown}
 g - 2 potions of cancellation {unknown}
 l - a potion of heal wounds {unknown}
 n - 4 potions of invisibility {unknown}
 r - a potion of curing
 x - a potion of attraction {unknown}


   Skills:
 + Level 6.3 Dodging
 + Level 6.7 Stealth
 + Level 7.0 Spellcasting
 + Level 5.2 Conjurations
 + Level 6.3 Fire Magic


You had 11 spell levels left.
You knew the following spells:

 Your Spells              Type           Power      Damage    Failure   Level
a - Foxfire               Conj/Fire      100%       2x1d9     1%          1
b - Scorch                Fire           74%        2d8       1%          2
c - Volatile Blastmotes   Fire/Tloc      44%        2d13      6%          3
d - Flame Wave            Conj/Fire      34%        2d10      7%          4

Your spell library contained the following spells:

 Spells                   Type           Power      Damage    Failure   Level
 Magic Dart               Conj           100%       1d8       1%          1
 Inner Flame              Hex/Fire       22%        N/A       6%          3
 Dazzling Flash           Conj/Hex       40%        N/A       8%          3
 Mephitic Cloud           Conj/Alch/Air  16%        N/A       11%         3
 Curse of Agony           Necr           8%         N/A       91%         5
 Silence                  Hex/Air        4%         N/A       91%         5


Dungeon Overview and Level Annotations

Branches:
Dungeon (6/15)             Temple (1/1) D:4

Altars:
Cheibriados
Elyvilon
Fedhas
Gozag
Hepliaklqana
Okawaru
Qazlal
Sif Muna
Uskayaw
Vehumet
Wu Jian
Yredelemnul
The Shining One


Message History

Vehumet accepts your kill.
A wave of flame ripples out!
The flame wave engulfs the yak.
The yak is lightly wounded.
You finish channelling waves of flame.
Casting: Flame Wave (quite dangerous; 8% risk of failure)
Confirm with . or Enter, or press ? or * to list all spells.
Flames lash the yak.
The yak is moderately wounded.
The yak's fire resistance burns away.
You hear a bellow!
The yak gores you.
* * * LOW HITPOINT WARNING * * *
Casting: Scorch (safe; 1% risk of failure)
Confirm with . or Enter, or press ? or * to list all spells.
Flames lash the yak.
The yak is burned terribly!
The yak is heavily wounded.
The yak barely misses you.
Casting: Scorch (safe; 1% risk of failure)
Confirm with . or Enter, or press ? or * to list all spells.
Flames lash the yak.
The yak is burned terribly!
You kill the yak!
Vehumet accepts your kill.
Your Spellcasting skill increases to level 7!
A yak is nearby!
Casting: Scorch (safe; 1% risk of failure)
Confirm with . or Enter, or press ? or * to list all spells.
Flames lash the yak.
The yak bellows!
The yak is moderately wounded.
The yak's fire resistance burns away.
Casting: Scorch (safe; 1% risk of failure)
Confirm with . or Enter, or press ? or * to list all spells.
Flames lash the yak.
The yak is burned terribly!
The yak is severely wounded.
Casting: Scorch (safe; 1% risk of failure)
Confirm with . or Enter, or press ? or * to list all spells.
Flames lash the yak.
The yak is burned terribly!
The yak is almost dead.
The yak gores you!
You die...

###########
........@.#
#.....###Y# #.#
#.....# #.#
#.####.....###.#
#.#............#
#.#............#
#......._......#
###.#...†.......##
#.#.#...........#


You could see a yak (combustible).

Vanquished Creatures
  Sigmund (D:4)
  3 yaks (D:6)
  A black bear (D:4)
  2 phantoms
  2 scorpions
  5 wights (D:6)
  A bombardier beetle (D:6)
  3 hounds (D:4)
  A jelly (D:4)
  2 sleepcaps
  Ijyb (D:5)
  4 gnolls (D:5)
  4 adders
  4 ufetubi (D:5)
  A dart slug (D:1)
  8 orcs
  3 bats
  7 endoplasms
  A giant cockroach (D:3)
  3 hobgoblins
  5 jackals
  9 kobolds
  4 quokkas
  6 ball pythons
  A frilled lizard (D:2)
  6 goblins
  3 rats
91 creatures vanquished.

Vanquished Creatures (others)
  565 foxfires
565 creatures vanquished.

Grand Total: 656 creatures vanquished

Notes
Turn   | Place    | Note
-------+----------+-------------------------------------------
     0 | D:1      | Arctor the Deep Elf Fire Elementalist began the quest for
                  | the Orb.
     0 | D:1      | Reached XP level 1. HP: 10/10 MP: 6/6
    74 | D:1      | Found a faded altar of an unknown god.
   127 | D:1      | Noticed a great orb of eyes
   132 | D:1      | Noticed a golden eye
   136 | D:1      | Noticed a great orb of eyes
   143 | D:1      | Noticed an eye of devastation
   323 | D:1      | Reached XP level 2. HP: 15/15 MP: 5/8
  1147 | D:1      | Reached XP level 3. HP: 19/19 MP: 2/9
  2592 | D:3      | Found a glowing golden altar of the Shining One.
  2611 | D:3      | Noticed an angel
  2756 | D:3      | You fall into a shaft and drop 1 floor!
  2769 | D:4      | Reached XP level 4. HP: 24/24 MP: 6/11
  3070 | D:4      | Noticed Sigmund
  3080 | D:4      | Killed Sigmund
  3081 | D:4      | Reached skill level 4 in Spellcasting
  3081 | D:4      | Reached XP level 5. HP: 13/28 MP: 5/13
  3205 | D:4      | Reached XP level 6. HP: 32/32 MP: 9/15
  3450 | D:4      | Reached skill level 5 in Spellcasting
  3606 | D:4      | Found a staircase to the Ecumenical Temple.
  3630 | Temple   | Entered the Ecumenical Temple
  3640 | Temple   | Became a worshipper of Vehumet
  3644 | Temple   | Learned a level 2 spell: Scorch
  4132 | D:3      | Found a basalt altar of Yredelemnul.
  4155 | D:3      | Noticed a profane servitor
  4537 | D:3      | Reached XP level 7. HP: 33/36 MP: 8/17
  4924 | D:4      | Reached skill level 5 in Stealth
  4924 | D:4      | Reached skill level 5 in Fire Magic
  5311 | D:5      | Entered Level 5 of the Dungeon
  5320 | D:5      | Reached skill level 5 in Dodging
  5632 | D:5      | Noticed Ijyb
  5637 | D:5      | Killed Ijyb
  5637 | D:5      | Reached * piety under Vehumet
  5637 | D:5      | Offered knowledge of Magic Dart by Vehumet.
  6364 | D:6      | Found a snail-covered altar of Cheibriados.
  6371 | D:6      | Reached skill level 6 in Spellcasting
  6398 | D:6      | Reached XP level 8. HP: 41/41 MP: 14/19
  6403 | D:6      | Learned a level 3 spell: Volatile Blastmotes
  6408 | D:6      | Learned a level 4 spell: Flame Wave
  6450 | D:6      | Reached skill level 5 in Conjurations
  6456 | D:6      | Reached skill level 7 in Spellcasting
  6459 | D:6      | Mangled by a yak

Illustrated notes

Levels and vault maps discovered:
D:1:      dpeg_arrival_rooms_with_view, layout_basic,
          hellmonk_ecumenical_altar_watching_god
D:2:      layout_rooms, roderic_roman_lattice
D:3:      layout_basic, grunt_temple_overflow_holy_war, minmay_strange_pillars
D:4:      layout_rooms, minmay_temple_entry_gardened_gates, uniq_sigmund
D:5:      layout_cave_pods, uniq_ijyb
D:6:      layout_cave_pools, slow_altar_1, serial_shops,
          nicolae_shop_behind_doors, gammafunk_ghost_nasty_kobolds
Temple:   compressed_dpeg_circular_temple

Skill      XL: |  1  2  3  4  5  6  7  8 |
---------------+-------------------------+-----
Stealth        | 3 4 5 6 |  6.7
Dodging        | 3 4 5 6 |  6.3
Conjurations   | 2 3 4 5 |  5.2
Spellcasting   | 4 5 6 7 |  7.0
Fire Magic     | 4 5 6 |  6.3

Action                     |  1- 3 |  4- 6 |  7- 9 || total
---------------------------+-------+-------+-------++-------
  Melee: Spear             |     9 |    14 |       ||    23
         Punch             |     1 |     1 |       ||     2
   Cast: Foxfire           |   135 |   106 |   121 ||   362
         Scorch            |       |     3 |    21 ||    24
         Flame Wave        |       |       |     1 ||     1
    Use: Scroll            |       |       |     7 ||     7
 Armour: Robe              |     6 |    24 |    14 ||    44
  Dodge: Dodged            |    13 |    25 |     8 ||    46
